 Dungeon Crawl Stone Soup version 0.27-a0-661-gca034ae587 (webtiles) character file.

Game seed: 10340109704567914251

2047 Jerej03 the Thaumaturge (level 9, -13/43 HPs)
             Began as a Vine Stalker Hedge Wizard on Mar 17, 2021.
             Mangled by a two-headed ogre
             ... wielding a +0 giant club
              (17 damage)
             ... on level 9 of the Dungeon.
             The game lasted 00:34:05 (9169 turns).

Jerej03 the Thaumaturge (Vine Stalker Hedge Wizard) Turns: 9169, Time: 00:34:07

Health: -13/43     AC: 12    Str: 20    XL:     9   Next: 24%
Magic:  0/22       EV: 13    Int: 17    God:
Gold:   328        SH:  0    Dex: 13    Spells: 18/24 levels left

rFire    . . .     SeeInvis .   c - +2 flail (protect)
rCold    . . .     Faith    .   (no shield)
rNeg     . . .     Spirit   +   b - +0 robe
rPois    .         Reflect  .   y - +1 hat
rElec    .         Harm     .   l - +0 cloak
rCorr    .         Rampage  .   D - +0 pair of gloves
Will     +....                  (no boots)
Stlth    +++.......             C - amulet of the acrobat
HPRegen  1.14/turn              B - +6 ring of strength
MPRegen  0.18/turn              (no ring)

@: protection aura
A: fangs 3, regeneration 1, magic shield, antimagic bite, no potion heal 3
a: no special abilities


You were on level 9 of the Dungeon.
You visited 2 branches of the dungeon, and saw 10 of its levels.

You collected 328 gold pieces.

Inventory:

Hand Weapons
 c - a +2 flail of protection (weapon)
 k - a +1 hand axe of flaming
Missiles
 E - 6 boomerangs of dispersal
Armour
 b - a +0 robe (worn)
 l - a +0 cloak (worn)
 x - a +4 ring mail
 y - a +1 hat (worn)
 D - a +0 pair of gloves (worn)
 I - a +0 leather armour of fire resistance
Jewellery
 u - an amulet of guardian spirit
 w - a ring of positive energy
 B - a +6 ring of strength (right hand)
 C - an amulet of the acrobat (around neck)
Wands
 a - a wand of charming (14)
 G - a wand of iceblast (4)
 H - a wand of flame (26)
Scrolls
 g - a scroll of teleportation
 h - a scroll of immolation {unknown}
 i - 3 scrolls of identify
 n - a scroll of enchant armour {unknown}
 r - 2 scrolls of enchant weapon
 v - a scroll of fog {unknown}
 A - a scroll of random uselessness {unknown}
 F - a scroll of acquirement {unknown}
 J - a scroll of blinking {unknown}
Potions
 d - 4 potions of curing
 e - a potion of degeneration {unknown}
 f - 2 potions of attraction
 j - a potion of magic {unknown}
 m - a potion of might {unknown}
 o - a potion of ambrosia
 p - a potion of flight {unknown}
 q - a potion of resistance {unknown}
 s - a potion of haste
 t - a potion of heal wounds
 z - 2 potions of lignification


   Skills:
 + Level 2.6 Fighting
 + Level 0.3 Short Blades
 + Level 1.3(1.7) Axes
 + Level 1.5(1.8) Maces & Flails
 + Level 3.2 Dodging
 + Level 4.2 Stealth
 + Level 8.2 Spellcasting
 + Level 5.7 Conjurations
 + Level 1.0 Summonings
 + Level 2.1 Translocations
 + Level 1.8 Air Magic
 + Level 1.4 Poison Magic


You had 18 spell levels left.
You knew the following spells:

 Your Spells              Type           Power      Damage    Failure   Level
a - Magic Dart            Conj           100%       1d8       1%          1
b - Blink                 Tloc           N/A        N/A       6%          2
c - Mephitic Cloud        Conj/Pois/Air  17%        N/A       9%          3

Your spell library contained the following spells:

 Spells                   Type           Power      Damage    Failure   Level
 Conjure Flame            Conj/Fire      16%        6-21      10%         3
 Call Imp                 Summ           10%        N/A       11%         2
 Slow                     Hex            6%         N/A       16%         2


Dungeon Overview and Level Annotations

Branches:
Dungeon (10/15)            Temple (1/1) D:5
   Lair: D:8-11         Orc: D:9-12

Altars:
Ashenzari
Cheibriados
Elyvilon
Gozag
Hepliaklqana
Kikubaaqudgha
Makhleb
Nemelex Xobeh
Okawaru
Qazlal
Trog
Wu Jian
Yredelemnul
Zin
The Shining One

Shops:
D:6 (   D:7 !


Innate Abilities, Weirdness & Mutations

You have razor-sharp teeth.
Your natural rate of healing is unusually fast.
When hurt, damage is shared between your health and your magic reserves.
Your bite disrupts and absorbs the magic of your enemies.
Potions cannot restore your health.


Message History

The hound closely misses you. The hound barely misses you.
Your Translocations skill increases to level 2!
You hit the hound. Your bite misses the hound.
The hound is severely wounded.
The hound barely misses you. The hound bites you.
Your magical contamination has completely faded away.
You hit the hound.
You kill the hound!
You closely miss the hornet zombie. You bite the hornet zombie!
You drain its power.
You feel invigorated.
The hornet zombie is lightly damaged.
The two-headed ogre seems less confused.
The hornet zombie hits you but does no damage. x2
You hit the hornet zombie. You bite the hornet zombie! You drain its power.
The hornet zombie is heavily damaged.
The hornet zombie barely misses you.
You hit the two-headed ogre.
The two-headed ogre is moderately wounded.
The two-headed ogre closely misses you. x2
You thump the two-headed ogre!
The two-headed ogre is moderately wounded.
The two-headed ogre closely misses you.
The two-headed ogre hits you with a +0 giant spiked club.
You sock the two-headed ogre! You bite the two-headed ogre.
You drain its power.
You feel invigorated.
The two-headed ogre is heavily wounded.
The two-headed ogre misses you.
The two-headed ogre hits you with a +0 giant spiked club!
You closely miss the two-headed ogre. Your bite misses the two-headed ogre.
The two-headed ogre is heavily wounded.
The two-headed ogre misses you.
The two-headed ogre hits you with a +0 giant spiked club!!
The two-headed ogre closely misses you. The two-headed ogre barely misses you.
You hit the two-headed ogre.
You bite the two-headed ogre, but do no damage.
The two-headed ogre is heavily wounded.
The two-headed ogre hits you with a +0 giant club!!
* * * LOW HITPOINT WARNING * * *
The two-headed ogre hits you with a +0 giant spiked club!!
You die...

#.# #.# #.#
#.### ....
#(.# #..#
#.##.#####>.#
#......@OZ..#
##.#.######.#
#.# #.# #.#
#^# ###


You could see a two-headed ogre and a hornet zombie.

Vanquished Creatures
  A water moccasin (D:6)
  An orc warrior (D:6)
  An ice beast (D:7)
  A sky beast (Temple)
  A black bear (D:7)
  5 ogres
  A centaur (D:7)
  A phantom (D:5)
  2 bullfrogs (D:6)
  A wyvern skeleton (D:9)
  A scorpion (D:6)
  A centaur zombie (D:5)
  A jelly (D:5)
  3 hounds
  A gnoll shaman (D:5)
  2 bullfrog skeletons
  Ijyb (D:3)
  2 orc wizards (D:6)
  Terence (D:3)
  8 worker ants
  A worker ant zombie (D:5)
  11 gnolls
  A howler monkey skeleton (D:6)
  3 adders
  3 shadow imps
  2 white imps (D:6)
  An ufetubus (D:5)
  A worm (D:5)
  3 dart slugs
  2 leopard geckos
  5 orcs
  A ball python (D:4)
  7 bats
  6 giant cockroaches
  6 goblins
  5 hobgoblins
  7 jackals
  5 kobolds
  3 quokkas
  2 frilled lizards
  A quokka skeleton (D:5)
  8 rats
120 creatures vanquished.

Vanquished Creatures (others)
  5 plants (D:5)
5 creatures vanquished.

Grand Total: 125 creatures vanquished

Notes
Turn   | Place    | Note
-------+----------+-------------------------------------------
     0 | D:1      | Jerej03 the Vine Stalker Hedge Wizard began the quest for
                  | the Orb.
     0 | D:1      | Reached XP level 1. HP: 9/9 MP: 5/5
   163 | D:1      | Reached XP level 2. HP: 13/13 MP: 0/7
   781 | D:1      | Reached skill level 4 in Spellcasting
   781 | D:1      | Reached XP level 3. HP: 14/16 MP: 1/9
  1867 | D:2      | Gained mutation: Your natural rate of healing is unusually
                  | fast. [Vine Stalker growth]
  1867 | D:2      | Reached XP level 4. HP: 18/21 MP: 3/11
  2607 | D:3      | Noticed Terence
  2616 | D:3      | Killed Terence
  2824 | D:3      | Noticed Ijyb
  2973 | D:3      | Killed Ijyb
  2974 | D:3      | Reached XP level 5. HP: 23/24 MP: 8/13
  2980 | D:3      | Learned a level 2 spell: Blink
  2984 | D:3      | Learned a level 3 spell: Mephitic Cloud
  3403 | D:4      | Noticed an ogre
  3410 | D:4      | Found an iron altar of Okawaru.
  3515 | D:4      | Found a glowing golden altar of the Shining One.
  3744 | D:4      | Noticed an ogre
  3755 | D:4      | Killed an ogre
  3756 | D:4      | Reached skill level 5 in Spellcasting
  3756 | D:4      | Reached XP level 6. HP: 9/29 MP: 0/14
  4147 | D:5      | Entered Level 5 of the Dungeon
  4289 | D:5      | Found a staircase to the Ecumenical Temple.
  4305 | Temple   | Entered the Ecumenical Temple
  4471 | D:5      | Noticed a sky beast
  4617 | Temple   | Killed a sky beast
  4618 | Temple   | Reached skill level 1 in Fighting
  4618 | Temple   | Reached skill level 1 in Axes
  4618 | Temple   | Reached XP level 7. HP: 33/33 MP: 4/16
  5263 | D:5      | Reached skill level 6 in Spellcasting
  6134 | D:5      | Gained mutation: You have razor-sharp teeth. [Vine Stalker
                  | growth]
  6134 | D:5      | Reached XP level 8. HP: 39/39 MP: 1/18
  6265 | D:5      | Found a snail-covered altar of Cheibriados.
  6459 | D:5      | Reached skill level 1 in Air Magic
  6954 | D:6      | Found Hinopt's Weapon Emporium.
  6969 | D:6      | Found an ornate altar of the Wu Jian Council.
  7322 | D:6      | Found an ancient bone altar of Kikubaaqudgha.
  7335 | D:6      | Reached skill level 7 in Spellcasting
  8158 | D:6      | Reached skill level 5 in Conjurations
  8525 | D:7      | Found Reppe's Distillery.
  8614 | D:7      | Reached skill level 1 in Maces & Flails
  8652 | D:7      | Reached skill level 1 in Poison Magic
  8652 | D:7      | Reached XP level 9. HP: 43/43 MP: 10/21
  8726 | D:7      | Reached skill level 8 in Spellcasting
  9139 | D:7      | You fall into a shaft and drop 3 floors!
  9139 | D:10     | Entered Level 10 of the Dungeon
  9142 | D:9      | Noticed a two-headed ogre
  9169 | D:9      | Mangled by a two-headed ogre

Illustrated notes

Levels and vault maps discovered:
D:1:      saegor_arrival_simple_e, layout_basic
D:2:      layout_basic
D:3:      layout_rooms, uniq_ijyb, uniq_terence
D:4:      layout_loops_ring, overflow_temple_1_default, okawaru_gym_becter,
          kennysheep_small_square
D:5:      layout_layer_cave, marbit_many_paths,
          minmay_temple_entry_gardened_gates
D:6:      layout_gridville, lemuel_doored_altar, serial_shops, shop, basic_altar
D:7:      layout_cave_pools, lemuel_round_altar, serial_shops,
          nicolae_shop_crystal
D:9:      minmay_general_purpose_star, layout_loops_ring,
          overflow_temple_1_default, nicolae_overflow_crystal_walls,
          erik_lair_island, amcnicky_mini_rare_corridor_liquid
D:10:     layout_long_grid
Temple:   compressed_dpeg_circular_temple

Skill      XL: |  1  2  3  4  5  6  7  8  9 |
---------------+----------------------------+-----
Spellcasting   | 4 5 6 7 8 |  8.2
Conjurations   | 2 3 4 5 |  5.7
Stealth        | 3 4 |  4.2
Fighting       | 1 2 |  2.6
Axes           | 1 |  1.3
Dodging        | 2 3 |  3.2
Air Magic      | 1 |  1.8
Maces & Flails | 1 |  1.5
Poison Magic   | 1 |  1.4
Translocations | 2 |  2.1
Short Blades   | |  0.3
Summonings     | |  1.0

Action                   |  1- 3 |  4- 6 |  7- 9 || total
-------------------------+-------+-------+-------++-------
Melee: Dagger            |    16 |       |       ||    16
       Bite              |     5 |    13 |    27 ||    45
       Hand axe          |     3 |    52 |    19 ||    74
       Flail             |       |       |    68 ||    68
 Cast: Magic Dart        |    85 |   101 |   282 ||   468
       Mephitic Cloud    |       |     4 |    18 ||    22
       Blink             |       |     4 |     5 ||     9
  Use: Potion            |       |       |     6 ||     6
       Scroll            |       |       |     3 ||     3
 Stab: Confused          |       |       |     3 ||     3
Armor: Robe              |     1 |    25 |    37 ||    63
Dodge: Dodged            |    26 |    51 |   148 ||   225

Table legend: (Time is in decaauts)
 A = Elapsed time spent in this place.
 B = Non-inter-level travel time spent in this place.
 C = Inter-level travel time spent in this place.
 D = Time resting spent in this place.
 E = Time spent auto-exploring this place.
 F = Levels seen in this place.
 G = Mean time per level.
                   A        B        C        D        E       F      G
               +--------+--------+--------+--------+--------+-----+--------+
         Total |   9195 |   8971 |    224 |    166 |   7236 |  10 |  919.5 |
       Dungeon |   8867 |   8699 |    168 |    166 |   7069 |   9 |  985.2 |
        Temple |    328 |    272 |     56 |      0 |    167 |   1 |  328.0 |
               +--------+--------+--------+--------+--------+-----+--------+

Top non-repeatable levels by time:
     D:5: 2484 daAuts
     D:6: 1533 daAuts
     D:1: 1219 daAuts
     D:2: 1079 daAuts
     D:4: 989 daAuts
     D:3: 876 daAuts
     D:7: 650 daAuts
  Temple: 328 daAuts
     D:9: 31 daAuts
    D:10: 2 daAuts
